 Dungeon Crawl Stone Soup version 0.30-a0-800-g7c544603b3 (webtiles) character file.

Game seed: 9267741384724719104

550 gaul the Firebug (level 7, 0/63 (78) HPs)
             Began as a Yellow Draconian Fire Elementalist on Feb 21, 2023.
             Slain by an orc wizard
             ... wielding a +0 dagger
              (3 damage)
             ... on level 4 of the Dungeon.
             The game lasted 00:29:41 (5072 turns).

gaul the Firebug (DrFE)                             Turns: 5072, Time: 00:29:42

HP:   0/63 (78)     AC:  6    Str:  7 (10) XL:     7   Next: 7%
MP:   12/12         EV: 12    Int: 15 (17) God:
Gold: 230           SH:  0    Dex:  9 (12) Spells: 4/13 levels left

rFire   + . .      SeeInvis .    c - +0 short sword
rCold   + . .      Faith    .    (no shield)
rNeg    . . .      Spirit   .    (body armour unavailable)
rPois   .          Reflect  .    (helmet restricted)
rElec   .          Harm     .    (no cloak)
rCorr   +          Rampage  .    (no gloves)
Will    .....                    (no boots) Stlth
                                 d - amulet of regeneration
HPRegen 1.10/turn                k - ring of protection from fire
MPRegen 0.13/turn                (no ring)

@: brilliant, berserking, attractive, heavily drained, invisible, very quick
A: spit acid, AC +6, unfitting armour, cold-blooded, acid resistance, stinger 1,
cold resistance 1, wild magic 1
a: Breathe Acid


You were on level 4 of the Dungeon.
You visited 1 branch of the dungeon, and saw 4 of its levels.

You collected 230 gold pieces.

Inventory:

Hand Weapons
 c - a +0 short sword (weapon)
 h - a +0 club
 q - a +0 sling
 y - a +0 rapier
Missiles
 l - 3 javelins
 x - 6 poisoned darts
Armour
 s - the +1 leather armour of the Shrike {rCorr Str+3}
   (You found it on level 3 of the Dungeon)

   Str:       It affects your strength (+3).
   rCorr:     It protects you from acid and corrosion.
Jewellery
 d - an amulet of regeneration (around neck)
 k - a ring of protection from fire (left hand)
Wands
 u - a wand of flame (2)
Scrolls
 b - a scroll of teleportation
 g - a scroll of identify
 o - a scroll of enchant weapon {unknown}
 p - a scroll of noise {unknown}
 t - a scroll of amnesia {unknown}
 v - a scroll of silence {unknown}
Potions
 a - a potion of magic
 j - 4 potions of degeneration
 m - a potion of haste {unknown}
 n - 2 potions of brilliance
 r - a potion of curing
 w - a potion of attraction
 z - a potion of might {unknown}


   Skills:
 + Level 1.6 Fighting
 + Level 1.9 Short Blades
 + Level 3.2 Dodging
 + Level 2.5 Stealth
 + Level 3.7 Spellcasting
 + Level 2.3 Conjurations
 + Level 5.1 Fire Magic


You had 4 spell levels left.
You knew the following spells:

 Your Spells              Type           Power      Damage    Failure   Level
a - Foxfire               Conj/Fire      100%       2x1d9     7%          1
b - Scorch                Fire           70%        2d8       6%          2
c - Kindle Blastsparks    Fire/Tloc/Air  30%        2d12      36%         3
d - Inner Flame           Hex/Fire       20%        N/A       28%         3

Your spell library contained the following spells:

 Spells                   Type           Power      Damage    Failure   Level
 Sandblast                Erth           10%        2d5       26%         1
 Passwall                 Tmut/Erth      4%         N/A       36%         2
 Stone Arrow              Conj/Erth      24%        3d8       43%         3
 Flame Wave               Conj/Fire      27%        2d9       45%         4
 Summon Cactus Giant      Summ           2%         N/A       100%        6


Dungeon Overview and Level Annotations

Branches:
Dungeon (4/15)
 Temple: D:4-7

Altars:
Kikubaaqudgha
Sif Muna
Vehumet
Xom
Yredelemnul

Annotations:
D:4 1 exclusion


Innate Abilities, Weirdness & Mutations

You can spit globs of acid.
Your golden yellow scales are hard. (AC +6)
You cannot fit into any form of body armour.
You are cold-blooded and may be slowed by cold attacks.
You are resistant to acid. (rCorr)
Your tail ends in a venomous barb.
Your flesh is cold resistant. (rC+)
Your spells are a little harder to cast, but a little more powerful.


Message History

You feel weakened.
You feel dopey.
You feel clumsy.
The hobgoblin seems less drained.
Something hits you but does no damage.
The hobgoblin hits you but does no damage.
Something hits you.
* * * LOW HITPOINT WARNING * * *
It was a potion of attraction.
You feel attractive to monsters. Something hits you.
* * * LOW HITPOINT WARNING * * *
The hobgoblin closely misses you. Something hits you.
* * * LOW HITPOINT WARNING * * *
It was a potion of mutation.
You feel extremely strange.
You feel resistant to cold.
You feel less in control of your magic.
A venomous barb forms on the end of your tail.
Something hits you but does no damage. The hobgoblin closely misses you.
Something hits you but does no damage.
It was a potion of invisibility.
You fade into invisibility!
You hear some strange, mumbled words.
A puff of flame appears from out of thin air!
The puff of flame misses you. The hobgoblin closely misses you.
Something hits you.
* * * LOW HITPOINT WARNING * * *
It was a potion of berserk rage.
A red film seems to cover your vision as you go berserk!
You feel yourself moving faster!
You feel mighty! Something hits you but does no damage.
The hobgoblin closely misses you. Something hits you but does no damage.
You hit the hobgoblin but do no damage.
The hobgoblin is lightly wounded.
You barely miss something. You tail-slap something!
Something hits you but does no damage. The hobgoblin hits you.
* * * LOW HITPOINT WARNING * * *
Something hits you.
* * * LOW HITPOINT WARNING * * *
You barely miss something. You puncture something!
Reactivating autopickup.
You feel a bit more experienced. Something hits you.
You die...

####.....#............'..
#........#.####.#######..
####.###.#......# #.....#
#.# #.....######.....#
#.# #...........).....
#.# ##########....####
#.# ##..#..# ###'##♣P~
#.###...'._####♣~~♣# ♣
#.##.@..# #..#~♣♣~♣#♣
#.#.g)..# ##..#~ #♣~♣~
#.#.⌠.⌠.#..#..#♣#♣~~~♣
#....⌠..'._#..##♣~♣~♣#
###)⌠.⌠.#..#.#.#~♣#♣~♣
#.)...####...'~♣♣#♣~
##....# ###.##~P♣##
##...'._ #.######. #..#..
### #.


You could see a hobgoblin (unable to see you).

Vanquished Creatures
  A black bear (D:4)
  2 phantoms
  A hound (D:4)
  A jelly (D:4)
  Ijyb (D:3)
  3 orc wizards
  5 adders
  3 worms
  5 dart slugs
  7 orcs
  8 ball pythons
  A bat (D:1)
  7 endoplasms
  3 giant cockroaches
  6 hobgoblins
  A quokka (D:3)
  A frilled lizard (D:1)
  8 goblins
  3 kobolds
  6 rats
73 creatures vanquished.

Vanquished Creatures (collateral kills)
  A foxfire (D:3)
1 creature vanquished.

Vanquished Creatures (others)
  2 orc wizards (D:4)
  218 foxfires
  A fungus (D:3)
221 creatures vanquished.

Grand Total: 295 creatures vanquished

Notes
Turn   | Place    | Note
-------+----------+-------------------------------------------
     0 | D:1      | gaul the Draconian Fire Elementalist began the quest for
                  | the Orb.
     0 | D:1      | Reached XP level 1. HP: 14/14 MP: 3/3
   273 | D:1      | Reached XP level 2. HP: 18/20 MP: 0/5
  1397 | D:2      | Reached XP level 3. HP: 26/26 MP: 3/6
  1562 | D:1      | Reached skill level 4 in Fire Magic
  1890 | D:2      | Learned a level 2 spell: Scorch
  2028 | D:2      | Reached XP level 4. HP: 27/33 MP: 4/7
  2334 | D:3      | Noticed a phantom
  2379 | D:2      | Killed a phantom
  2380 | D:2      | Reached XP level 5. HP: 24/39 MP: 0/9
  2551 | D:3      | Identified the +1 leather armour of the Shrike {rCorr
                  | Str+3}
  2742 | D:3      | Learned a level 3 spell: Kindle Blastsparks
  2746 | D:3      | Learned a level 3 spell: Inner Flame
  3163 | D:3      | Found a shimmering altar of Xom.
  3195 | D:3      | Noticed Ijyb
  3251 | D:3      | Killed Ijyb
  3665 | D:4      | Found a basalt altar of Yredelemnul.
  3675 | D:4      | Reached XP level 6. HP: 17/46 MP: 8/10
  3771 | D:4      | Reached skill level 1 in Short Blades
  4062 | D:4      | Reached skill level 1 in Fighting
  4410 | D:4      | Reached skill level 5 in Fire Magic
  4927 | D:4      | Your scales start taking on a golden yellow colour.
  4927 | D:4      | Reached XP level 7. HP: 50/52 MP: 8/12
  4927 | D:4      | Gained mutation: You are resistant to acid. (rCorr) [Yellow
                  | Draconian growth]
  5010 | D:4      | Found an ancient bone altar of Kikubaaqudgha.
  5011 | D:4      | Found a radiant altar of Vehumet.
  5049 | D:4      | Found a shimmering blue altar of Sif Muna.
  5059 | D:4      | HP: 2/42 [something (3)]
  5065 | D:4      | HP: 2/42 [something (3)]
  5066 | D:4      | Gained mutation: Your flesh is cold resistant. (rC+)
                  | [potion of mutation]
  5066 | D:4      | Gained mutation: Your spells are a little harder to cast,
                  | but a little more powerful. [potion of mutation]
  5066 | D:4      | Gained mutation: Your tail ends in a venomous barb. [potion
                  | of mutation]
  5070 | D:4      | HP: 2/63 [something (2)]
  5072 | D:4      | Slain by an orc wizard

Illustrated notes

Levels and vault maps discovered:
D:1:      elethiomel_arrival_maze, layout_basic
D:2:      layout_rooms
D:3:      layout_basic, mainiacjoe_overflow_boulevard,
          nicolae_figureground_sparkle, uniq_ijyb
D:4:      nicolae_cairo_tiling, layout_basic, palyth_temple_overflow_mages,
          overflow_temple_1_default, saegor_snake_ambush

Skill      XL: |  1  2  3  4  5  6 |
---------------+-------------------+-----
Dodging        | 2 3 |  3.2
Stealth        | 2 |  2.5
Fire Magic     | 4 5 |  5.1
Spellcasting   | 3 |  3.7
Conjurations   | 2 |  2.3
Short Blades   | 1 |  1.9
Fighting       | 1 |  1.6

Action                     |  1- 3 |  4- 6 |  7- 9 || total
---------------------------+-------+-------+-------++-------
  Melee: Unarmed           |     9 |       |       ||     9
         Punch             |     1 |     1 |       ||     2
         Short sword       |     7 |    95 |    32 ||   134
         Tailslap          |       |    11 |     4 ||    15
   Cast: Foxfire           |    54 |    68 |       ||   122
         Scorch            |     2 |    19 |       ||    21
    Use: Scroll            |       |     2 |       ||     2
         Potion            |       |       |     7 ||     7
   Stab: Sleeping          |     1 |     2 |       ||     3
 Armour: Skin              |    19 |    53 |    62 ||   134
  Dodge: Dodged            |    45 |    99 |    47 ||   191

Table legend: (Time is in decaauts)
 A = Elapsed time spent in this place.
 B = Non-inter-level travel time spent in this place.
 C = Inter-level travel time spent in this place.
 D = Time resting spent in this place.
 E = Time spent auto-exploring this place.
 F = Levels seen in this place.
 G = Mean time per level.
                   A        B        C        D        E       F      G
               +--------+--------+--------+--------+--------+-----+--------+
         Total |   5096 |   4903 |    193 |    848 |   2831 |   4 | 1274.0 |
       Dungeon |   5096 |   4903 |    193 |    848 |   2831 |   4 | 1274.0 |
               +--------+--------+--------+--------+--------+-----+--------+

Top non-repeatable levels by time:
     D:1: 1517 daAuts
     D:4: 1412 daAuts
     D:3: 1154 daAuts
     D:2: 1011 daAuts
